 Dungeon Crawl Stone Soup version 0.22-a0-605-g9281fa2 (webtiles) character file.

17685 Amnesiac the Covert (level 12, 0/58 HPs)
             Began as a Spriggan Transmuter on July 8, 2018.
             Was an Elder of Okawaru.
             Slain by an orc wizard
             ... wielding a +0 dagger
              (3 damage)
             ... on level 2 of the Orcish Mines.
             The game lasted 00:29:45 (14453 turns).

Amnesiac the Covert (Spriggan Transmuter)          Turns: 14453, Time: 00:29:46

Health: 0/58       AC:  5    Str:  6    XL:     12   Next: 21%
Magic:  22/22      EV: 22    Int: 20    God:    Okawaru [****..]
Gold:   1137       SH:  8    Dex: 18    Spells: 16/23 levels left

rFire    + . .     SeeInvis +   a - +1 dagger (drain)
rCold    + . .     Gourm    .   v - +0 buckler
rNeg     . . .     Faith    .   L - +2 robe {MR+}
rPois    .         Spirit   .   D - +1 hat {MR+}
rElec    .         Reflect  .   (no cloak)
rCorr    .         Harm     .   (gloves unavailable)
MR       ++++.                  (boots unavailable)
Stlth    ++++......             s - amulet of regeneration
HPRegen  0.59/turn              c - ring of protection from fire
MPRegen  0.18/turn              l - ring of protection from cold

@: drained, very quick
A: very small, unfitting armour, horns 1, see invisible, clever 1, herbivore,
speed 3, slow metabolism 2
a: Heroism, Renounce Religion


You were on level 2 of the Orcish Mines.
You worshipped Okawaru.
Okawaru was greatly pleased with you.
You were not hungry.

You visited 3 branches of the dungeon, and saw 14 of its levels.
You also visited: Sewer.

You collected 1234 gold pieces.
You spent 97 gold pieces at shops.

Inventory:

Hand Weapons
 a - a +1 dagger of draining (weapon)
 H - a cursed -1 shortbow
Missiles
 k - 55 arrows (quivered)
Armour
 b - a +0 troll leather armour
 v - a +0 buckler (worn)
 D - a +1 hat of magic resistance (worn)
 L - a +2 robe of magic resistance (worn)
 M - a +2 robe of cold resistance
 N - a +0 robe of the Archmagi
Jewellery
 c - a ring of protection from fire (left hand)
 l - a ring of protection from cold (right hand)
 s - an amulet of regeneration (around neck)
 x - the amulet of Lafol {Gourm +Fly rPois Int+3 Dex+2}
   (You found it on level 5 of the Dungeon)

   [amulet of the gourmand]

   It allows you to eat raw meat even when not hungry.
   It affects your intelligence (+3).
   It affects your dexterity (+2).
   It protects you from poison.
   It lets you fly.
 I - an uncursed ring of ice
Wands
 h - a wand of iceblast (7)
 p - a wand of acid (1)
 u - a wand of polymorph (27)
 y - a wand of flame (8)
Scrolls
 e - 5 scrolls of amnesia {!r}
 g - 3 scrolls of identify {!r}
 j - 7 scrolls of teleportation {!r}
 m - 9 scrolls of remove curse {!r}
 n - 6 scrolls of magic mapping {!r}
 q - a scroll of enchant weapon {!r}
 t - 6 scrolls of fog {!r}
 w - 4 scrolls of fear {!r}
 G - a scroll of summoning {!r}
 J - a scroll of enchant armour {!r}
Potions
 f - 3 potions of magic {!q}
 i - 3 potions of brilliance {!q}
 o - 3 potions of might {!q}
 r - 3 potions of haste {!q}
 z - 3 potions of berserk rage {!q}
 A - 3 potions of lignification {!q}
 B - a potion of experience {!q}
 C - 2 potions of flight {!q}
 E - 4 potions of curing {!q}
 F - 2 potions of cancellation {!q}
 K - a potion of agility {!q}
Comestibles
 d - 22 rations


   Skills:
 + Level 3.8(2.6) Fighting
 - Level 10.0(8.6) Short Blades
 - Level 1.1(0.1) Bows
 - Level 8.0(6.8) Dodging
 - Level 10.0(8.6) Stealth
 - Level 7.2(5.9) Shields
 - Level 3.0(1.9) Unarmed Combat
 - Level 6.0(4.8) Spellcasting
 - Level 6.2(5.0) Transmutations
 - Level 8.0(6.7) Invocations
 - Level 8.1(6.9) Evocations


You had 16 spell levels left.
You knew the following spells:

 Your Spells              Type           Power        Failure   Level  Hunger
b - Sticks to Snakes      Tmut           ###.....     2%          2    #......
e - Petrify               Tmut/Erth      ##......     41%         4    ####...
z - Confusing Touch       Hex            #.....       13%         1    None

Your spell library contained the following spells:

 Spells                   Type           Power        Failure   Level  Hunger
 Confuse                  Hex            #.......     36%         3    ##.....
 Spider Form              Tmut/Pois      ##........   14%         3    ##.....
 Blade Hands              Tmut           ###.......   41%         5    ######.
 Ice Form                 Ice/Tmut       ##......     41%         4    ####...
 Metabolic Englaciation   Hex/Ice        #.........   98%         5    ######.
 Beastly Appendage        Tmut           ###...       1%          1    None
 Gell's Gravitas          Tloc           #.........   36%         3    ##.....
 Yara's Violent Unravell  Hex/Tmut       ##........   77%         5    ######.


Dungeon Overview and Level Annotations

Branches:
Dungeon (11/15)            Temple (1/1) D:7            Lair (0/6) D:11
    Orc (2/2) D:11            Elf (0/3) Orc:2

Altars:
Ashenzari
Cheibriados
Elyvilon
Fedhas
Gozag
Hepliaklqana
Kikubaaqudgha
Makhleb
Nemelex Xobeh
Okawaru
Qazlal
Ru
Sif Muna
Trog
Uskayaw
Vehumet
Wu Jian
Xom
Yredelemnul
Zin
The Shining One
Beogh

Shops:
Orc:2 }?}(


Innate Abilities, Weirdness & Mutations

You are very small and have problems with some larger weapons.
You are too small for most types of armour.
You have supernaturally acute eyesight. (SInv)
You are a herbivore.
You cover ground extremely quickly.
You need to consume almost no food.
You have a pair of small horns on your head.
Your mind is acute. (Int +2)


Message History

a club; 4 tomahawks; an orc corpse
Found an ancient bone altar of Kikubaaqudgha.
Your hands slow down.
You feel like a meek peon again.
You open the door.
There is an open door here.
Magic restored.
There is an open door here.
You open the gate. 2 orc wizards and 2 orc sorcerers come into view.
There are monsters nearby!
There are monsters nearby!
There are monsters nearby!
Found a roughly hewn altar of Beogh.
There is an open gate here.
Found Faxkefu's Gadget Shoppe.
The helpless orc wizard fails to defend itself.
You perforate the orc wizard like a sieve!!!!
You kill the orc wizard!
Okawaru accepts your kill.
An orc comes into view. It is wielding a club.
Things that are here:
an enchanted dagger; a robe; an orc corpse The orc sorcerer shouts! x2; You hear a shout!
You block the orc sorcerer's attack.
An orc wizard comes into view. It is wielding a dagger.
The orc wizard shouts!
You barely miss the orc sorcerer.
The orc wizard shouts!
You hit the orc sorcerer but do no damage.
The orc sorcerer hits you with a dagger.
The orc sorcerer mumbles some strange words.
You hit the orc sorcerer but do no damage.
You hit the orc sorcerer but do no damage.
You drain the orc sorcerer!
The orc sorcerer is lightly wounded.
The orc sorcerer points at you and mumbles some strange words.
The bolt of negative energy hits you!
You feel drained. The orc wizard casts a spell at you. The magic dart hits you!
* * * LOW HITPOINT WARNING * * *
You barely miss the orc sorcerer.
You headbutt the orc sorcerer, but do no damage.
The orc sorcerer is lightly wounded.
You hit the orc sorcerer.
You headbutt the orc sorcerer, but do no damage.
The orc sorcerer is lightly wounded.
You hit the orc sorcerer but do no damage.
You hit the orc sorcerer. You drain the orc sorcerer!
The orc sorcerer is lightly wounded.
The orc wizard completely misses you.
You hit the orc sorcerer but do no damage.
The orc sorcerer is lightly wounded.
An orc comes into view. It is wielding a trident.
The orc sorcerer barely misses you. You block the orc wizard's attack.
You closely miss the orc sorcerer.
The orc sorcerer is lightly wounded.
You barely miss the orc sorcerer.
The orc sorcerer is lightly wounded.
The orc sorcerer points at you and mumbles some strange words.
The bolt of negative energy hits you!
You feel drained.
* * * LOW HITPOINT WARNING * * *
The orc wizard hits you with a dagger.
You die...

..........#
.........###§§..§≈.≈≈...≈
..#......###§§.≈≈...§≈..≈#
.........##§§§8..._...8..8
.....#..## #§§§§≈o§.§≈..≈#
......### #§§§.≈≈§≈§.§§≈#
.....#######≈§.8.≈§§§8.§≈#####
....## #≈§§##.4oo.8o..§§##≈§§##
...## ≈§.§##.o@).....##..§§§##
...### ###8..##.......##..8###≈##
..###≈≈#_.....###'''###....._#≈≈#
...##≈.#.........))).........#§≈#
#.###≈.8....))....)).§.......8§§#
...###.........≈≈§§≈§≈§........##
....###........≈#####§§§......##
.).##≈#'#'###..)#####..§###'#+#≈#
..)##≈.....##§.........≈##.....≈#


You could see a rust devil, 2 orc sorcerers, 2 orc wizards and an orc.

Vanquished Creatures
  Gastronok (D:8)
  Erolcha (Orc:2)
  Fannar (D:10)
  2 two-headed ogres
  2 ogre magi (Orc:2)
  Urug (D:11)
  Pikel (D:8)
  8 orc sorcerers (Orc:2)
  A centaur skeleton (D:10)
  4 trolls
  A hippogriff (D:10)
  A spriggan (D:8)
  A basilisk (D:11)
  2 wargs (Orc:2)
  Grum (D:8)
  A hungry ghost (D:10)
  2 ice beasts
  5 orc warriors
  3 sky beasts
  2 black bears
  3 wolves (D:8)
  5 ogres
  A necrophage (D:10)
  3 centaurs
  A big kobold (D:10)
  Blork the orc (D:5)
  5 bullfrogs
  A gnoll sergeant (D:10)
  2 scorpions
  A wyvern skeleton (D:7)
  13 killer bees
  8 wights
  3 howler monkeys
  3 crimson imps
  3 centaur zombies
  A bullfrog zombie (D:10)
  4 hounds
  4 jellies
  5 orc priests
  23 orc wizards
  A bullfrog skeleton (D:7)
  4 iguanas
  13 worker ants
  A hound skeleton (D:6)
  A hound zombie (D:6)
  8 gnolls
  A howler monkey skeleton (D:8)
  19 adders
  8 river rats
  3 oozes
  An adder skeleton (D:6)
  3 worms (D:2)
  5 leopard geckos
  47 orcs
  11 ball pythons
  A giant cockroach (D:4)
  4 hobgoblins
  2 jackals (D:3)
  18 kobolds
  4 quokkas
  3 bats
  6 frilled lizards
  6 goblins
  A jackal zombie (D:6)
  A leopard gecko zombie (D:7)
  A quokka zombie (D:5)
  35 rats
339 creatures vanquished.

Vanquished Creatures (collateral kills)
  3 crimson imps
  A shadow imp (D:6)
4 creatures vanquished.

Vanquished Creatures (others)
  2 orc wizards
2 creatures vanquished.

Grand Total: 345 creatures vanquished

Notes
Turn   | Place    | Note
-------+----------+-------------------------------------------
     0 | D:1      | Amnesiac the Spriggan Transmuter began the quest for the Orb.
     0 | D:1      | Reached XP level 1. HP: 9/9 MP: 5/5
   553 | D:1      | Reached skill level 1 in Fighting
   553 | D:1      | Reached XP level 2. HP: 10/14 MP: 4/6
   612 | D:1      | Learned a level 2 spell: Sticks to Snakes
  1190 | D:2      | Gained mutation: You have a pair of small horns on your head. [potion of mutation]
  1190 | D:2      | Gained mutation: Your mind is acute. (Int +2) [potion of mutation]
  1198 | D:2      | Reached XP level 3. HP: 8/18 MP: 8/8
  1543 | D:2      | Found a faded altar of an unknown god.
  1543 | D:2      | Found a faded altar of an unknown god.
  1639 | D:2      | Found a burning altar of Makhleb.
  1641 | D:2      | Found a bloodstained altar of Trog.
  1642 | D:2      | Found a blossoming altar of Fedhas.
  1867 | D:2      | Reached XP level 4. HP: 15/22 MP: 10/10
  2468 | D:3      | Reached XP level 5. HP: 13/25 MP: 11/11
  2678 | D:3      | Reached skill level 5 in Dodging
  3074 | D:4      | Reached skill level 5 in Transmutations
  3087 | D:4      | Found a glowing drain.
  3092 | Sewer    | Entered a sewer
  3347 | Sewer    | Reached XP level 6. HP: 22/30 MP: 14/14
  3666 | Sewer    | Reached skill level 5 in Spellcasting
  3852 | Sewer    | HP: 2/45 [adder (2)]
  4284 | D:4      | Reached XP level 7. HP: 30/33 MP: 17/17
  4448 | D:4      | Found a snail-covered altar of Cheibriados.
  4450 | D:4      | Found a basalt altar of Yredelemnul.
  4468 | D:4      | Found a sparkling altar of Nemelex Xobeh.
  4480 | D:4      | Found a shimmering altar of Xom.
  4672 | D:5      | Entered Level 5 of the Dungeon
  4681 | D:5      | Got a brightly glowing platinum amulet
  4880 | D:5      | Learned a level 1 spell: Confusing Touch
  4914 | D:5      | Found a stormy altar of Qazlal.
  4922 | D:5      | Noticed Blork the orc
  4944 | D:5      | Killed Blork the orc
  4944 | D:5      | Reached skill level 1 in Short Blades
  4944 | D:5      | Reached skill level 1 in Stealth
  5225 | D:5      | Identified the amulet of Lafol {Gourm +Fly rPois Int+3 Dex+2} (You found it on level 5 of the Dungeon)
  5595 | D:6      | Reached skill level 1 in Shields
  5595 | D:6      | Reached XP level 8. HP: 21/37 MP: 18/18
  6867 | D:7      | Reached skill level 5 in Short Blades
  6867 | D:7      | Reached skill level 5 in Stealth
  7088 | D:7      | Found a hide-covered altar of Uskayaw.
  7351 | D:7      | Found a hazy altar of Hepliaklqana.
  7393 | D:7      | Reached XP level 9. HP: 34/41 MP: 19/19
  7402 | D:7      | Found a deep blue altar of Sif Muna.
  7466 | D:7      | Got an ichor-stained whip {slash}
  7788 | D:7      | Found a staircase to the Ecumenical Temple.
  7797 | Temple   | Entered the Ecumenical Temple
  7810 | Temple   | Became a worshipper of Warmaster Okawaru
  8276 | D:8      | Reached skill level 1 in Bows
  8521 | D:8      | Noticed Gastronok
  8661 | D:8      | Killed Gastronok
  8661 | D:8      | Reached * piety under Okawaru
  8661 | D:8      | Reached ** piety under Okawaru
  8661 | D:8      | Reached XP level 10. HP: 10/45 MP: 20/20
  8922 | D:8      | Noticed Grum
  8985 | D:8      | Killed Grum
  8985 | D:8      | Reached skill level 5 in Shields
  9069 | D:8      | Found an opulent altar of Gozag.
  9071 | D:8      | Noticed Pikel
  9140 | D:8      | Killed Pikel
  9212 | D:8      | Noticed a two-headed ogre
  9247 | D:8      | Killed a two-headed ogre
  9247 | D:8      | Reached *** piety under Okawaru
  9628 | D:9      | Reached skill level 10 in Stealth
  9736 | D:9      | Reached skill level 10 in Short Blades
 10371 | D:9      | Noticed a two-headed ogre
 10659 | D:9      | Killed a two-headed ogre
 10659 | D:9      | Reached **** piety under Okawaru
 10755 | D:10     | Entered Level 10 of the Dungeon
 10880 | D:10     | Reached XP level 11. HP: 29/49 MP: 21/21
 10998 | D:10     | Reached skill level 1 in Invocations
 10998 | D:10     | Reached skill level 1 in Evocations
 11181 | D:10     | Noticed Fannar
 11277 | D:10     | Killed Fannar
 11319 | D:10     | Reached ***** piety under Okawaru
 11959 | D:11     | Noticed Urug
 11960 | D:11     | Killed Urug
 11999 | D:11     | Found a staircase to the Lair.
 12151 | D:11     | Reached skill level 5 in Invocations
 12579 | D:11     | Found a staircase to the Orcish Mines.
 12607 | Orc:1    | Entered Level 1 of the Orcish Mines
 12609 | Orc:1    | Reached skill level 5 in Evocations
 12727 | Orc:2    | Entered Level 2 of the Orcish Mines
 12732 | Orc:2    | Noticed an orc sorcerer
 12739 | Orc:2    | Killed an orc sorcerer
 12797 | Orc:2    | Found a staircase to the Elven Halls.
 12982 | Orc:2    | Received a gift from Okawaru
 13180 | Orc:2    | Noticed an orc sorcerer
 13182 | Orc:2    | Noticed an orc sorcerer
 13223 | Orc:2    | Killed an orc sorcerer
 13234 | Orc:2    | Killed an orc sorcerer
 13238 | Orc:2    | Noticed an orc sorcerer
 13330 | Orc:2    | Learned a level 4 spell: Petrify
 13387 | Orc:2    | Noticed an orc sorcerer
 13394 | Orc:2    | Noticed a sun demon
 13395 | Orc:2    | Noticed an orc sorcerer
 13397 | Orc:2    | Noticed a sun demon
 13539 | Orc:2    | Found a roughly hewn altar of Beogh.
 13540 | Orc:2    | Noticed an orc sorcerer
 13584 | Orc:2    | Killed an orc sorcerer
 13720 | Orc:2    | Found Luatarir's Antique Weapon Shoppe.
 13881 | Orc:2    | Killed an orc sorcerer
 13914 | Orc:2    | Killed an orc sorcerer
 13914 | Orc:2    | Received a gift from Okawaru
 13948 | Orc:2    | Noticed a sun demon
 13960 | Orc:2    | Killed an orc sorcerer
 14001 | Orc:2    | Found Ubafe's Magic Scroll Emporium.
 14010 | Orc:2    | Noticed an ogre mage
 14050 | Orc:2    | Noticed an ogre mage
 14055 | Orc:2    | Killed an ogre mage
 14055 | Orc:2    | Reached XP level 12. HP: 8/53 MP: 15/22
 14232 | Orc:2    | Bought a scroll of enchant armour for 97 gold pieces
 14267 | Orc:2    | Killed an ogre mage
 14289 | Orc:2    | Found a radiant altar of Vehumet.
 14293 | Orc:2    | Found Naunke Nyru's Gadget Emporium.
 14323 | Orc:2    | Noticed Erolcha
 14356 | Orc:2    | Killed Erolcha
 14416 | Orc:2    | Found an ancient bone altar of Kikubaaqudgha.
 14438 | Orc:2    | Found a roughly hewn altar of Beogh.
 14439 | Orc:2    | Found Faxkefu's Gadget Shoppe.
 14453 | Orc:2    | Slain by an orc wizard

Vault maps used:
D:1:      minmay_arrival_four_houses
D:2:      chequers_temple_overflow_minitemple
D:4:      nicolae_overflow_crystal_walls, gammafunk_temple_overflow_forgotten,
          portal_sewer_entry_e, first_ration
D:5:      lemuel_crystal_altar, minmay_a_box_with_orc_wizards_in_it,
          uniq_blork_the_orc
D:7:      led_sif_pool, nicolae_overflow_hidden_temple, old_standard_altar,
          minmay_temple_entry_purple_smoke
D:8:      grunt_gozag_statues, the_bakery, dk_vineyard_1, minmay_misc_feat_rows,
          minmay_bent, uniq_gastronok, uniq_pikel, uniq_grum
D:9:      evilmike_butchery
D:10:     kennysheep_dice, uniq_fannar
D:11:     lair_entry_dummy, hiddenorc1_lemuel, uniq_urug
Temple:   eino_temple_lava
Orc:1:    elves_outpost_lemuel
Orc:2:    kennysheep_orc_mage_school, basic_altar, uniq_erolcha
Sewer:    sewer_minmay_w

Skill      XL: |  1  2  3  4  5  6  7  8  9 10 11 12 |
---------------+-------------------------------------+-----
Fighting       | 1 3 |  3.8
Transmutations | 3 4 5 6 |  6.2
Spellcasting   | 3 4 6 |  6.0
Unarmed Combat | 3 |  3.0
Dodging        | 4 5 8 |  8.0
Short Blades   | 2 6 9 10 | 10.0
Stealth        | 2 6 9 10 | 10.0
Shields        | 1 2 4 7 |  7.2
Bows           | 1 |  1.1
Invocations    | 8 |  8.0
Evocations     | 8 |  8.1

Action                   |  1- 3 |  4- 6 |  7- 9 | 10-12 || total
-------------------------+-------+-------+-------+-------++-------
Melee: Unarmed           |    54 |    18 |       |       ||    72
       Kick              |     8 |       |       |       ||     8
       Headbutt          |     6 |    43 |   133 |   230 ||   412
       Dagger            |    61 |   320 |   740 |  1259 ||  2380
       Punch             |     2 |     1 |     1 |       ||     4
 Cast: Beastly Appendage |    11 |       |       |       ||    11
       Sticks to Snakes  |     1 |     3 |     9 |     3 ||    16
Invok: Heroism           |       |       |       |     5 ||     5
       Finesse           |       |       |       |     5 ||     5
Evoke: Wand              |       |       |       |    22 ||    22
  Use: Scroll            |     9 |       |       |    12 ||    21
       Potion            |     1 |     5 |     4 |       ||    10
 Stab: Sleeping          |     2 |     2 |    12 |    18 ||    34
       Distracted        |       |       |     1 |     2 ||     3
       Paralysed         |       |       |       |     4 ||     4
  Eat: Ration            |       |     3 |     3 |     3 ||     9
Armor: Robe              |     8 |    17 |    31 |    44 ||   100
       Skin              |       |    88 |       |       ||    88
Dodge: Dodged            |    89 |   264 |   425 |   568 ||  1346
Block: Buckler           |       |       |   141 |   310 ||   451

Table legend:
 A = Spawn XP
 B = Non-spawn XP
 C = Spawn XP percentage of total XP
 D = Spawn monster count
 E = Non-spawn monster count
 F = Spawn count percentage of total count
 G = Total turns spent on level
                    A         B        C        D         E        F      G
               +---------+---------+-------+---------+---------+-------+---------
         Total |       0 |   25265 |   0.0 |       0 |     345 |   0.0 | 14453
               +---------+---------+-------+---------+---------+-------+---------
           D:1 |       0 |      23 |   0.0 |       0 |      15 |   0.0 |  1289
           D:2 |       0 |      81 |   0.0 |       0 |      17 |   0.0 |   693
           D:3 |       0 |     165 |   0.0 |       0 |      31 |   0.0 |   918
           D:4 |       0 |     228 |   0.0 |       0 |      15 |   0.0 |   692
           D:5 |       0 |     480 |   0.0 |       0 |      12 |   0.0 |   865
           D:6 |       0 |     559 |   0.0 |       0 |      19 |   0.0 |  1093
           D:7 |       0 |    1720 |   0.0 |       0 |      32 |   0.0 |  1448
           D:8 |       0 |    5223 |   0.0 |       0 |      32 |   0.0 |  1405
           D:9 |       0 |    1643 |   0.0 |       0 |      10 |   0.0 |  1250
          D:10 |       0 |    3505 |   0.0 |       0 |      35 |   0.0 |  1206
          D:11 |       0 |    1812 |   0.0 |       0 |      32 |   0.0 |   646
         Orc:1 |       0 |     312 |   0.0 |       0 |       1 |   0.0 |   120
         Orc:2 |       0 |    9159 |   0.0 |       0 |      46 |   0.0 |  1726
         Sewer |       0 |     355 |   0.0 |       0 |      48 |   0.0 |  1080
               +---------+---------+-------+---------+---------+-------+---------
